 Dungeon Crawl Stone Soup version 0.29.1-1-gd02db6906a (webtiles) character file.

Game seed: 5408764152928675921

719 Iusername the Chopper (level 7, -3/55 (61) HPs)
             Began as a Minotaur Fighter on Sept 29, 2022.
             Slain by a wight
             ... wielding a +5 battleaxe
              (13 damage)
             ... on level 4 of the Dungeon.
             The game lasted 00:05:53 (5874 turns).

Iusername the Chopper (Minotaur Fighter)            Turns: 5874, Time: 00:05:53

HP:   -3/55 (61)    AC:  7    Str: 22    XL:     7   Next: 42%
MP:   6/6           EV: 10    Int:  5    God:
Gold: 212           SH:  5    Dex: 16    Spells: 6/6 levels left

rFire   . . .      SeeInvis .   a - +0 war axe
rCold   . . .      Faith    .   c - +0 buckler
rNeg    . . .      Spirit   .   b - +0 scale mail
rPois   .          Reflect  .   (helmet restricted)
rElec   .          Harm     .   (no cloak)
rCorr   .          Rampage  .   (no gloves)
Will    .....                   (no boots)
Stlth   ..........              g - amulet of the acrobat
HPRegen 0.18/turn               x - +6 ring of dexterity
MPRegen 0.10/turn               w - ring of flight

@: mighty, flying, drained
A: horns 2, retaliatory headbutt
a: no special abilities


You were on level 4 of the Dungeon.
You visited 1 branch of the dungeon, and saw 4 of its levels.

You collected 212 gold pieces.

Inventory:

Hand Weapons
 a - a +0 war axe (weapon)
Missiles
 y - a throwing net (quivered)
Armour
 b - a +0 scale mail (worn)
 c - a +0 buckler (worn)
Jewellery
 g - an amulet of the acrobat (around neck)
 r - a ring of protection from fire
 w - a ring of flight (right hand)
 x - a +6 ring of dexterity (left hand)
Wands
 i - a wand of digging (5)
 o - a wand of flame (28)
Scrolls
 j - 3 scrolls of enchant armour
 l - 2 scrolls of noise
 n - 2 scrolls of fog
 p - a scroll of torment
 s - a scroll of poison
 t - 2 scrolls of teleportation
Potions
 d - a potion of might
 f - a potion of resistance {unknown}
 h - 2 potions of brilliance
 k - 5 potions of curing {unknown}
 m - a potion of heal wounds {unknown}
 q - a potion of flight {unknown}
 u - a potion of magic {unknown}
 v - 2 potions of cancellation {unknown}
 z - a potion of ambrosia {unknown}


   Skills:
 + Level 5.4 Fighting
 + Level 6.8 Axes
 + Level 6.4 Armour
 + Level 1.6 Dodging
 + Level 0.2 Stealth
 + Level 4.2 Shields


You had 6 spell levels left.
You didn't know any spells.
Your spell library contained the following spells:

 Spells                   Type           Power      Damage    Failure   Level
 Summon Small Mammal      Summ           0%         N/A       86%         1
 Poisonous Vapours        Pois/Air       0%         N/A       95%         2
 Call Canine Familiar     Summ           0%         N/A       99%         3
 Summon Guardian Golem    Hex/Summ       0%         N/A       99%         3
 Corpse Rot               Necr/Pois/Air  0%         N/A       100%        4


Dungeon Overview and Level Annotations

Branches:
Dungeon (4/15)
 Temple: D:4-7

Altars:


Innate Abilities, Weirdness & Mutations

You have a pair of horns on your head.
You reflexively headbutt those who attack you in melee.


Message History

t - 2 scrolls of teleportation
Okay, then.
Found a trident.
A wight comes into view. It is wielding a +3 war axe.
A wight is nearby!
A wight comes into view. It is wielding a +5 battleaxe.
A wight comes into view. It is wielding a +4 halberd.
You barely miss the wight. Your headbutt misses the wight.
You block the wight's attack.
You slice the wight!!
You destroy the wight!
The wight closely misses you.
Things that are here:
a +3 war axe; a +0 robe You hit the wight but do no damage.
The wight barely misses you. x2
You barely miss the wight. You block the wight's attack.
The wight hits you from afar with a +4 halberd!
You feel drained.
The wight hits you from afar with a +4 halberd!
You feel drained. The wight hits you with a +5 battleaxe!
You are too injured to fight recklessly!
You are too injured to fight recklessly!
You are too injured to fight recklessly!
You are too injured to fight recklessly!
You are too injured to fight recklessly!
You are too injured to fight recklessly!
You are too injured to fight recklessly!
You are too injured to fight recklessly!
You are too injured to fight recklessly!
You are too injured to fight recklessly!
You are too injured to fight recklessly!
You feel mightier all of a sudden. The wight closely misses you.
The wight hits you from afar with a +4 halberd!
* * * LOW HITPOINT WARNING * * *
You feel drained.
* * * LOW HITPOINT WARNING * * *
You completely miss the wight. Your headbutt misses the wight.
The wight hits you with a +5 battleaxe!
You die...

## .### ####. ...#
####...... ...#
#####.@zz.#
.)#########.....#####
.)).)...........#
..)..####......##
.##### ##.....# .#
#.....# ## #.....# #
#...).# . ##...##


You could see 2 wights.

Vanquished Creatures
  2 scorpions (D:4)
  A wight (D:4)
  3 orc priests (D:3)
  2 gnoll boudas (D:4)
  Jessica (D:2)
  An iguana (D:4)
  Natasha (twice) (D:2)
  Robin (D:4)
  13 gnolls
  5 adders
  2 worms
  6 dart slugs
  9 orcs
  2 bats (D:1)
  12 endoplasms
  A giant cockroach (D:2)
  12 hobgoblins
  3 jackals (D:3)
  5 kobolds
  A quokka (D:4)
  9 ball pythons
  4 frilled lizards
  14 goblins
  3 rats
114 creatures vanquished.

Notes
Turn   | Place    | Note
-------+----------+-------------------------------------------
     0 | D:1      | Iusername the Minotaur Fighter began the quest for the Orb.
     0 | D:1      | Reached XP level 1. HP: 19/19 MP: 0/0
    22 | D:1      | Reached XP level 2. HP: 22/27 MP: 1/1
    96 | D:1      | You fall into a shaft and drop 1 floor!
   295 | D:1      | Reached XP level 3. HP: 30/33 MP: 2/2
   380 | D:1      | Found a faded altar of an unknown god.
   824 | D:2      | Reached XP level 4. HP: 11/40 MP: 3/3
  1160 | D:2      | Noticed Jessica
  1168 | D:2      | Killed Jessica
  1889 | D:2      | Noticed Natasha
  1896 | D:2      | Killed Natasha
  1897 | D:2      | Reached XP level 5. HP: 34/46 MP: 4/4
  2409 | D:2      | Noticed Natasha
  2422 | D:2      | Killed Natasha
  3490 | D:3      | Reached skill level 5 in Armour
  3493 | D:3      | Reached skill level 1 in Dodging
  3494 | D:3      | Reached skill level 5 in Axes
  3629 | D:3      | Reached XP level 6. HP: 21/53 MP: 5/5
  4974 | D:4      | Reached skill level 5 in Fighting
  4980 | D:4      | Reached XP level 7. HP: 40/61 MP: 6/6
  5832 | D:4      | Noticed Robin
  5841 | D:4      | Killed Robin
  5874 | D:4      | Slain by a wight

Illustrated notes

Levels and vault maps discovered:
D:1:      ncdulo_lavacross, layout_rooms, hellmonk_ecumenical_altar_lost_god,
          minivault_5, hangedman_decor_push, minmay_small_reverse_x
D:2:      layout_basic, uniq_natasha, uniq_jessica
D:3:      layout_loops_ring
D:4:      cheibrodos_quashed, layout_cave_pods, serial_park_tiny_pond,
          supply_closet_lemuel, minmay_bent, uniq_robin

Skill      XL: |  1  2  3  4  5  6  7 |
---------------+----------------------+-----
Fighting       | 4 5 |  5.4
Shields        | 4 |  4.2
Armour         | 4 5 6 |  6.4
Axes           | 3 4 5 6 |  6.8
Dodging        | 1 |  1.6
Stealth        | |  0.2

Action                   |  1- 3 |  4- 6 |  7- 9 || total
-------------------------+-------+-------+-------++-------
Melee: War axe           |    49 |   123 |    50 ||   222
       Headbutt          |     7 |    24 |    12 ||    43
  Use: Potion            |       |     2 |     2 ||     4
       Scroll            |       |       |     7 ||     7
Armor: Scale mail        |    25 |    44 |    14 ||    83
Dodge: Dodged            |    26 |    58 |    30 ||   114
Block: Buckler           |    15 |    25 |    13 ||    53
